 Dungeon Crawl Stone Soup version 0.28-a0-1199-gef9e1dbd39 (webtiles) character file.

Game seed: 16492543212029284369

8197 fragbeetle the Spear-Bearer (level 11, 0/76 (86) HPs)
             Began as a Merfolk Gladiator on Dec 20, 2021.
             Was a Priest of Qazlal.
             Killed from afar by Josephine (24 damage)
             ... with a ghostly fireball
             ... on level 11 of the Dungeon.
             The game lasted 00:53:16 (11763 turns).

fragbeetle the Spear-Bearer (Merfolk Gladiator)    Turns: 11763, Time: 00:53:16

HP:   0/76 (86)     AC: 12    Str: 17    XL:     11   Next: 27%
MP:   15/15         EV: 35    Int:  6    God:    Qazlal [***...]
Gold: 567           SH:  4    Dex: 15    Spells: 11/16 levels left

rFire   + . .      SeeInvis .   V - +8 spear "Pavez" {elec, +Blink rF+ Int-4}
rCold   . . .      Faith    .   (no shield)
rNeg    . . .      Spirit   .   r - +0 acid dragon scales
rPois   +          Reflect  .   p - +2 helmet
rElec   .          Harm     .   h - +1 cloak
rCorr   +          Rampage  .   (no gloves)
Will    .....                   (no boots)
Stlth   +.........              c - amulet of the acrobat
HPRegen 0.22/turn               a - +4 ring of evasion
MPRegen 0.14/turn               m - ring of poison resistance

@: acrobatic, heavily drained, invisible
A: (nimble swimmer 2), mertail
a: Renounce Religion, Evoke Blink, Upheaval, Elemental Force


You were on level 11 of the Dungeon.
You worshipped Qazlal.
Qazlal was most pleased with you.
You visited 3 branches of the dungeon, and saw 13 of its levels.

You collected 665 gold pieces.
You spent 98 gold pieces at shops.

Inventory:

Hand Weapons
 E - a +1 trident of holy wrath
 J - a +2 vorpal spear
 R - a +2 vorpal halberd
 V - the +8 spear "Pavez" (weapon) {elec, +Blink rF+ Int-4}
   (You found it on level 10 of the Dungeon)

   It occasionally discharges a powerful burst of electricity upon striking a
   foe.
   Int:       It affects your intelligence (-4).
   rF:        It protects you from fire.
   +Blink:    It lets you blink.
Missiles
 b - 5 curare-tipped darts
 d - 3 throwing nets
 g - 419 stones
 o - 16 poisoned darts
 H - 8 boomerangs (quivered)
 O - 5 datura-tipped darts
Armour
 h - a +1 cloak (worn)
 p - a +2 helmet (worn)
 r - +0 acid dragon scales (worn)
 C - the +3 leather armour "Dihaf" {Rampage *Slow rCorr SInv}
   (You found it on level 5 of the Dungeon)

   SInv:      It lets you see invisible.
   rCorr:     It protects you from acid and corrosion.
   *Slow:     It may slow you when you take damage.
   Rampage:   It bestows one free step when moving towards enemies.
 M - a +2 chain mail of poison resistance
 T - a scarf of invisibility
Magical Staves
 k - a staff of fire
 D - a staff of earth
Jewellery
 a - a +4 ring of evasion (left hand)
 c - an amulet of the acrobat (around neck)
 m - a ring of poison resistance (right hand)
 n - an amulet of faith
 w - a ring of willpower
 W - an amulet of reflection
Wands
 G - a wand of flame (41)
 X - a wand of iceblast (6)
Scrolls
 e - 3 scrolls of teleportation
 i - 4 scrolls of magic mapping
 u - a scroll of blinking {unknown}
 v - a scroll of acquirement {unknown}
 x - 3 scrolls of immolation
 y - 3 scrolls of enchant armour
 A - a scroll of fear {unknown}
 B - a scroll of fog {unknown}
 I - a scroll of torment {unknown}
 K - a scroll of summoning {unknown}
 P - 3 scrolls of enchant weapon {unknown}
 Y - a scroll of silence {unknown}
Potions
 f - 3 potions of haste
 j - 2 potions of flight
 l - 2 potions of lignification
 q - 2 potions of magic
 t - 3 potions of brilliance
 z - 9 potions of curing
 F - a potion of invisibility
 L - 2 potions of heal wounds
 N - 2 potions of berserk rage
 Q - a potion of cancellation {unknown}
 U - 2 potions of attraction
Miscellaneous
 S - a phial of floods


   Skills:
 + Level 8.1 Fighting
 - Level 14.0 Polearms
 * Level 3.2 Throwing
 + Level 4.3 Armour
 - Level 10.0 Dodging
 + Level 3.1 Spellcasting
 + Level 2.6 Transmutations
 + Level 4.8 Poison Magic
 + Level 5.1 Invocations


You had 11 spell levels left.
You knew the following spells:

 Your Spells              Type           Power      Damage    Failure   Level
a - Olgreb's Toxic Radia  Pois           6%         N/A       54%         4
b - Sting                 Tmut/Pois      20%        1d4       11%         1

Your spell library contained the following spells:

 Spells                   Type           Power      Damage    Failure   Level
 Poisonous Vapours        Pois/Air       6%         N/A       26%         2
 Animate Skeleton         Necr           0%         N/A       43%         1
 Pain                     Necr           0%         1d4       43%         1
 Dazzling Flash           Conj/Hex       0%         N/A       82%         3
 Stone Arrow              Conj/Erth      0%         3d7       82%         3
 Vampiric Draining        Necr           0%         2d6       82%         3
 Animate Armour           Summ/Erth      0%         N/A       99%         4
 Summon Lightning Spire   Summ/Air       0%         N/A       99%         4
 Blade Hands              Tmut           2%         N/A       99%         5
 Agony                    Necr           0%         N/A       100%        5
 Irradiate                Conj/Tmut      1%         3d14      100%        5
 Silence                  Hex/Air        0%         N/A       100%        5
 Dragon Form              Tmut           2%         N/A       100%        7
 Storm Form               Tmut/Air       1%         N/A       100%        7
 Lehudib's Crystal Spear  Conj/Erth      0%         10d2      100%        8
 Maxwell's Capacitive Co  Air            0%         ∞         100%        8


Dungeon Overview and Level Annotations

Branches:
Dungeon (11/15)            Temple (1/1) D:4            Lair (1/6) D:9
    Orc (0/2) D:11

Altars:
Ashenzari
Cheibriados
Dithmenos
Elyvilon
Fedhas
Gozag
Hepliaklqana
Kikubaaqudgha
Makhleb
Nemelex Xobeh
Okawaru
Qazlal
Ru
Sif Muna
Trog
Uskayaw
Vehumet
Wu Jian
Xom
Yredelemnul
Zin
The Shining One

Shops:
D:11 *

Annotations:
D:3 1 runed translucent door, sirJeffrey23's ghost, amateur HOMo
D:10 keep
D:11 Josephine; Maurice


Innate Abilities, Weirdness & Mutations

((You are quick and stealthy near water. (Stealth+, EV+, Speed+++)))
Your lower body shifts to a powerful aquatic tail in water.


Message History

You hit the wraith but do no damage. Lightning courses through the wraith!
You destroy the wraith!
Qazlal accepts your kill.
You start putting on your armour.
You continue putting on your +0 acid dragon scales. x4
You finish putting on your +0 acid dragon scales. 2 wraiths, Josephine and Maurice come into view.
Maurice is wielding a +0 dagger and carrying a wand of acid (3).
Josephine is wielding a +0 dagger and wearing a +2 robe of fire resistance.
Maurice shouts!
Josephine shouts!
The wraith completely misses you.
As you read the scroll of teleportation, it crumbles to dust.
You feel strangely unstable.
Reach: V) +8 spear "Pavez" {elec, +Blink rF+ Int-4}
Press: ? - help, Dir - move target, f - wraith
Aim: a wraith (about 24% to evade the +8 spear "Pavez")
You reach to attack!
You hit the wraith. Lightning courses through the wraith!
The wraith is heavily damaged.
You hit the wraith.
The wraith is heavily damaged.
Josephine casts a spell at you.
The ghostly flame explodes!
The ghostly fireball engulfs you!!
You feel drained.
The ghostly fireball engulfs the wraith.
The wraith completely resists.
Your surroundings suddenly seem different.
Your legs become a tail as you dive into the water.
Floosh!
You fade into invisibility!
Josephine points at you and mumbles some strange words.
The ghostly flame explodes!
The ghostly fireball engulfs you!
You feel drained.
* * * LOW HITPOINT WARNING * * *
Items here: )) [ ÷.
There is an open door here.
There is an entrance to Utiuveduu's Serpentskin Sales here.
You open the door.
There is an open door here.
Josephine casts a spell at you.
The ghostly flame explodes!
The ghostly fireball engulfs you!!
You feel drained.
You die...

....
#................@....
#...
####....@................
...
#.)...................WW.
. ..
##'##.....................
... .
#.@.#.....................
###
#.∩.#...................†.
#...###############+##+#..
.. ##@##.....+ #.. ...
#..@....@# #.. .(..
+....§...# #.. ....
######+### #.. .... #.♣
.... #♣≈ .... ♣≈ .... ♣≈
.... ♣P ##+# ≈≈


You could see Josephine and Maurice.

Vanquished Creatures
  A two-headed ogre (D:10)
  A deep elf pyromancer (D:11)
  A gargoyle (D:11)
  Prince Ribbit (D:5)
  A shadow (D:10)
  Sigmund (D:3)
  A vampire (D:9)
  A yak (D:9)
  A wraith (D:11)
  Grum (D:8)
  3 acid dragons
  A water moccasin (D:5)
  4 black bears
  2 ice beasts
  A sky beast (D:6)
  2 necrophages
  3 orc warriors
  3 wolves (D:8)
  2 centaurs
  A phantom (D:4)
  A kobold brigand (D:7)
  Blork the orc (D:6)
  5 bullfrogs
  4 scorpions
  A gnoll sergeant (D:11)
  A water moccasin skeleton (D:5)
  A water moccasin zombie (D:7)
  22 killer bees
  4 wights
  2 howler monkeys
  7 electric eels (D:11)
  3 bullfrog zombies
  4 centaur zombies
  A centaur skeleton (D:7)
  3 hounds
  4 orc priests
  Crazy Yiuf (D:2)
  2 jellies (D:8)
  Terence (D:2)
  2 iguanas
  5 orc wizards
  A howler monkey zombie (D:9)
  Robin (D:2)
  7 gnolls
  7 adders
  A shadow imp (D:5)
  An ufetubus (D:6)
  3 adder skeletons
  3 worms
  2 dart slugs
  14 orcs
  8 endoplasms
  2 giant cockroaches
  7 hobgoblins
  3 quokkas
  10 ball pythons
  6 bats
  2 frilled lizards
  9 goblins
  16 kobolds
  4 rats
214 creatures vanquished.

Vanquished Creatures (others)
  A two-headed ogre (D:8)
  A howler monkey (D:8)
  3 fungi
  17 plants
  2 withered plants (D:3)
24 creatures vanquished.

Grand Total: 238 creatures vanquished

Notes
Turn   | Place    | Note
-------+----------+-------------------------------------------
     0 | D:1      | fragbeetle the Merfolk Gladiator began the quest for the
                  | Orb.
     0 | D:1      | Reached XP level 1. HP: 16/16 MP: 1/1
   149 | D:1      | Found a faded altar of an unknown god.
   369 | D:1      | Reached XP level 2. HP: 23/23 MP: 2/2
   433 | D:1      | Reached skill level 5 in Polearms
   602 | D:1      | Reached XP level 3. HP: 22/28 MP: 3/3
  1330 | D:2      | Reached XP level 4. HP: 31/34 MP: 4/4
  1380 | D:2      | Reached skill level 1 in Armour
  1601 | D:2      | Noticed Sigmund
  1731 | D:2      | Noticed Robin
  1789 | D:2      | Killed Robin
  1790 | D:2      | Reached skill level 6 in Polearms
  1934 | D:2      | Noticed Terence
  1996 | D:3      | Found a runed translucent door.
  1996 | D:3      | Noticed sirJeffrey23's ghost (amateur HOMo)
  2036 | D:3      | Reached XP level 5. HP: 32/41 MP: 5/5
  2108 | D:2      | Killed Terence
  2398 | D:2      | Found a runed translucent door.
  2399 | D:2      | Noticed Crazy Yiuf
  2700 | D:4      | Reached skill level 5 in Dodging
  2748 | D:4      | Found a staircase to the Ecumenical Temple.
  2754 | Temple   | Entered the Ecumenical Temple
  3081 | Temple   | Became a worshipper of Qazlal Stormbringer
  3330 | D:4      | Reached skill level 7 in Polearms
  3330 | D:4      | Reached XP level 6. HP: 27/47 MP: 6/6
  3779 | D:3      | Noticed a necrophage
  4125 | D:4      | Killed a necrophage
  4126 | D:4      | Reached XP level 7. HP: 54/54 MP: 7/7
  4311 | D:5      | Entered Level 5 of the Dungeon
  4330 | D:5      | Noticed Prince Ribbit
  4371 | D:5      | Killed Prince Ribbit
  4372 | D:5      | Reached skill level 8 in Polearms
  4719 | D:5      | Identified the +3 leather armour "Dihaf" {Rampage *Slow
                  | rCorr SInv}
  4833 | D:5      | Reached skill level 9 in Polearms
  4843 | D:5      | Reached * piety under Qazlal
  4851 | D:5      | Reached XP level 8. HP: 20/61 MP: 8/8
  5169 | D:5      | Reached skill level 5 in Fighting
  5470 | D:6      | Reached skill level 10 in Polearms
  5654 | D:6      | Reached skill level 1 in Spellcasting
  5900 | D:6      | Noticed a manticore
  5950 | D:3      | Killed Sigmund
  5951 | D:3      | Reached XP level 9. HP: 69/69 MP: 9/11
  6000 | D:2      | Killed Crazy Yiuf
  6167 | D:6      | Reached skill level 11 in Polearms
  6252 | D:6      | Noticed Blork the orc
  6286 | D:6      | Killed Blork the orc
  6465 | D:6      | Reached ** piety under Qazlal
  6778 | D:6      | Reached skill level 1 in Invocations
  6936 | D:7      | Learned a level 4 spell: Olgreb's Toxic Radiance
  6979 | D:7      | Reached skill level 12 in Polearms
  7401 | D:7      | Reached skill level 1 in Poison Magic
  7697 | D:8      | Noticed a two-headed ogre
  7888 | D:8      | Reached XP level 10. HP: 57/77 MP: 13/13
  7896 | D:8      | Learned a level 1 spell: Sting
  7896 | D:8      | Noticed Grum
  7902 | D:8      | Killed Grum
  8345 | D:8      | Killed a two-headed ogre
  8346 | D:8      | Reached skill level 13 in Polearms
  9004 | D:9      | Found a staircase to the Lair.
  9152 | Lair:1   | Entered Level 1 of the Lair of Beasts
  9152 | Lair:1   | Noticed a cane toad
  9481 | D:9      | Reached *** piety under Qazlal
  9537 | D:10     | Entered Level 10 of the Dungeon
  9588 | D:10     | Found an iron altar of Okawaru.
  9952 | D:10     | Identified the +8 spear "Pavez" {elec, +Blink rF+ Int-4}
 10180 | D:10     | Noticed a two-headed ogre
 10180 | D:10     | Noticed a wolf spider
 10250 | D:10     | Noticed a two-headed ogre
 10261 | D:10     | Killed a two-headed ogre
 10262 | D:10     | Reached skill level 14 in Polearms
 10262 | D:10     | Reached skill level 10 in Dodging
 10466 | D:11     | Found a staircase to the Orcish Mines.
 10507 | D:11     | Reached skill level 1 in Transmutations
 10589 | D:11     | Reached XP level 11. HP: 81/86 MP: 13/15
 11020 | D:11     | Noticed a manticore
 11027 | D:11     | Found Utiuveduu's Serpentskin Sales.
 11231 | D:11     | Bought 5 curare-tipped darts for 36 gold pieces
 11235 | D:11     | Bought 13 poisoned darts for 62 gold pieces
 11454 | D:11     | Noticed a deep elf pyromancer
 11492 | D:11     | Killed a deep elf pyromancer
 11493 | D:11     | Reached skill level 5 in Invocations
 11733 | D:11     | Noticed Maurice
 11733 | D:11     | Noticed Josephine
 11763 | D:11     | Killed from afar by Josephine

Illustrated notes

Levels and vault maps discovered:
D:1:      amcnicky_arrival_feature_with_door, layout_loops_ring,
          ebering_ecumenical_altar_sacrificial, glass_columns_c
D:2:      layout_loops_ring, minivault_27, uniq_robin, uniq_sigmund,
          uniq_terence, uniq_crazy_yiuf_cottage
D:3:      layout_rooms, gammafunk_ghost_grave
D:4:      layout_basic, temple_statues, minmay_fractal_squares_5
D:5:      layout_basic, uniq_prince_ribbit1
D:6:      layout_loops_ring, st_stairs_14, chequers_garden, grunt_ministairs_1,
          nrook_mini_backslash, due_unseen_surprise, uniq_blork_the_orc
D:7:      layout_basic
D:8:      layout_cave_pools, lemuel_flamethrower_2, uniq_grum
D:9:      layout_roguey, grunt_lair_entry_orc_guard_hut,
          minmay_misc_feat_hallway
D:10:     layout_long_grid, mainiacjoe_overflow_concentric_impassable,
          evilmike_minifort
D:11:     layout_gridville, orc_0_dummy, serial_bayou, serial_bayou_pond_a,
          serial_bayou_ford_a, serial_bayou_pond_d, serial_bayou_shore_a,
          guppyfry_shop_venom, uniq_maurice, uniq_josephine
Temple:   regret_index_temple_sigil_plot
Lair:1:   gammafunk_worm_tunnel, layout_cave_pods, minivault_25,
          beast_lair_carwin_11, infiniplex_staircase_pool

Skill      XL: |  1  2  3  4  5  6  7  8  9 10 11 |
---------------+----------------------------------+-----
Polearms       | 5 6 7 9 10 12 14 | 14.0
Armour         | 1 2 3 4 |  4.3
Fighting       | 3 4 5 6 7 8 |  8.1
Dodging        | 5 6 7 8 10 | 10.0
Spellcasting   | 1 2 3 |  3.1
Invocations    | 2 4 5 |  5.1
Poison Magic   | 2 4 |  4.8
Transmutations | 1 2 |  2.6
Throwing       | 3 |  3.2

Action                   |  1- 3 |  4- 6 |  7- 9 | 10-12 || total
-------------------------+-------+-------+-------+-------++-------
Melee: Trident           |    76 |   192 |   173 |       ||   441
       Spear             |       |       |   251 |   185 ||   436
       Halberd           |       |       |       |    78 ||    78
       Tailslap          |       |       |       |     3 ||     3
Throw: Stone             |    13 |    14 |    11 |       ||    38
       Throwing net      |     1 |       |       |       ||     1
       Boomerang         |       |       |    13 |    49 ||    62
 Cast: Sting             |       |       |       |     5 ||     5
Invok: Upheaval          |       |       |       |     1 ||     1
 Abil: Evoke Blink       |       |       |       |     1 ||     1
Evoke: Wand              |       |     1 |     3 |    16 ||    20
  Use: Scroll            |       |     4 |     8 |     6 ||    18
       Potion            |       |       |     1 |     1 ||     2
 Stab: Sleeping          |     2 |       |       |       ||     2
Armor: Leather armour    |    10 |    21 |    71 |    39 ||   141
       Ring mail         |       |    20 |    11 |       ||    31
Dodge: Dodged            |    32 |    93 |   199 |   143 ||   467
Block: Other             |       |       |    15 |    17 ||    32

Table legend: (Time is in decaauts)
 A = Elapsed time spent in this place.
 B = Non-inter-level travel time spent in this place.
 C = Inter-level travel time spent in this place.
 D = Time resting spent in this place.
 E = Time spent auto-exploring this place.
 F = Levels seen in this place.
 G = Mean time per level.
                   A        B        C        D        E       F      G
               +--------+--------+--------+--------+--------+-----+--------+
         Total |  11511 |  11217 |    294 |   2938 |   2484 |  13 |  885.5 |
       Dungeon |  11159 |  10865 |    294 |   2938 |   2214 |  11 | 1014.5 |
        Temple |    349 |    349 |      0 |      0 |    270 |   1 |  349.0 |
          Lair |      1 |      1 |      0 |      0 |      0 |   1 |    1.0 |
               +--------+--------+--------+--------+--------+-----+--------+

Top non-repeatable levels by time:
     D:2: 1602 daAuts
    D:11: 1363 daAuts
     D:4: 1251 daAuts
     D:5: 1167 daAuts
     D:6: 1092 daAuts
     D:9: 1059 daAuts
     D:1: 901 daAuts
     D:7: 818 daAuts
    D:10: 784 daAuts
     D:8: 753 daAuts
     D:3: 364 daAuts
  Temple: 349 daAuts
  Lair:1: 1 daAuts
